Map: Oxide LE

Players

Reynor - Winner!

  • Race: Zerg Zerg

Kas

  • Race: Terran Terran
  • League: Master

Event: DreamHack SC2 Masters 2021 Summer

VOD

Have the link to the VOD?

Description

Time

  • Played on: May 29, 2021, 11:07 a.m.
  • Length: 7:17

All games in this series

Show
View Real Time Build Order
Export as new Build Order

Reynor Zerg - Winner!

Build Orders: Hatch First 

Get SALT Encoding   

  12  0:00  Drone  
  13  0:12  Overlord  
  13  0:16  Drone  
  14  0:30  Drone x2  
  16  0:47  Hatchery  
  15  0:51  Drone  
  15  0:55  Drone  
  17  0:58  Drone  
  18  1:08  Extractor  
  17  1:14  Spawning Pool  
  17  1:16  Drone  
  17  1:19  Drone  
  18  1:27  Drone  
  19  1:38  Drone  
  20  1:49  Overlord  
  20  2:00  Queen  
  20  2:01  Queen, Zergling x4  
  26  2:10  Drone x2  
  26  2:12  Metabolic Boost  
  28  2:21  Drone x2  
  30  2:36  Hatchery  
  29  2:39  Drone  
  29  2:40  Drone  
  31  2:44  Drone  
  31  2:49  Pneumatized Carapace  
  32  2:55  Overlord  
  32  2:58  Drone x2  
  34  3:04  Queen  
  36  3:15  Drone x4  
  36  3:18  Overlord  
  40  3:20  Drone  
  41  3:28  Drone  
  41  3:29  Drone  
  43  3:34  Overlord  
  43  3:35  Queen  
  43  3:36  Drone  
  46  3:41  Drone  
  46  3:44  Queen  
  46  3:48  Zergling x4  
  51  3:50  Queen  
  53  3:59  Overlord  
  53  4:00  Roach Warren  
  53  4:01  Drone x2  
  53  4:02  Drone  
  55  4:04  Zergling x2  
  55  4:06  Drone  
  55  4:09  Drone x2  
  59  4:12  Overlord  
  59  4:14  Drone  
  59  4:15  Drone  
  61  4:18  Drone x2  
  61  4:21  Drone  
  64  4:28  Overlord  
  64  4:30  Drone  
  64  4:31  Drone x2  
  66  4:36  Extractor  
  66  4:37  Extractor  
  64  4:40  Roach x3  
  64  4:42  Lair  
  64  4:44  Overlord, Roach  
  72  4:52  Roach  
  74  4:53  Drone x4  
  74  4:54  Overlord  
  74  4:57  Spore Crawler  
  77  5:00  Overlord  
  77  5:03  Roach  
  77  5:04  Overlord  
  77  5:06  Roach  
  81  5:12  Spore Crawler, Overlord  
  81  5:14  Drone, Roach x2  
  84  5:16  Drone  
  84  5:17  Drone  
  84  5:18  Drone  
  88  5:27  Drone x4  
  91  5:32  Overlord  
  91  5:35  Drone x3  
  94  5:37  Extractor, Roach  
  94  5:41  Roach x3  
  101  5:46  Drone  
  101  5:49  Overlord  
  102  5:52  Roach x2  
  102  5:53  Roach x3  
  112  5:59  Zergling x6, Roach  
  112  6:00  Zergling x6  
  114  6:04  Roach  
  114  6:07  Queen  
  114  6:11  Drone x2  
  111  6:15  Drone  
  110  6:19  Drone  
  110  6:22  Drone  
  110  6:25  Overlord  
  110  6:28  Evolution Chamber  
  110  6:29  Extractor x2, Evolution Chamber, Overlord  
  106  6:33  Overlord  
  106  6:41  Overlord  
  106  6:51  Drone  
  106  6:52  Drone x5  
  106  6:53  Ravager x3  
  107  6:54  Drone  
  107  6:56  Hatchery  
  107  7:04  Drone x2  
Show
View Real Time Build Order
Export as new Build Order

Kas Terran 

Build Orders: Hellion Opening, Reaper Expand 

Get SALT Encoding   

  12  0:00  SCV  
  13  0:12  SCV  
  14  0:16  Supply Depot  
  14  0:24  SCV  
  15  0:38  SCV, Barracks  
  16  0:43  Refinery  
  16  0:50  SCV  
  17  1:02  SCV  
  18  1:14  SCV  
  19  1:27  Orbital Command, Reaper  
  20  1:37  Command Center  
  20  1:48  Refinery  
  20  1:49  Supply Depot  
  20  1:53  SCV  
  21  2:04  Factory  
  21  2:07  SCV  
  22  2:19  Barracks Reactor  
  22  2:20  SCV  
  23  2:32  SCV  
  24  2:44  SCV  
  25  2:50  Starport, Orbital Command  
  25  2:56  SCV  
  26  3:00  Hellion x2  
  30  3:08  SCV  
  30  3:10  Barracks Reactor  
  31  3:17  SCV  
  32  3:20  SCV  
  32  3:24  Hellion x2  
  37  3:27  Viking  
  37  3:29  SCV  
  37  3:32  SCV, Supply Depot  
  41  3:41  Supply Depot  
  41  3:42  SCV  
  41  3:44  SCV  
  43  3:49  Hellion  
  43  3:54  SCV, Hellion, Supply Depot  
  48  3:56  SCV  
  51  4:06  SCV  
  51  4:08  SCV  
  51  4:12  Viking x2  
  51  4:13  Hellion  
  51  4:17  Hellion  
  59  4:18  SCV  
  59  4:20  SCV  
  59  4:21  Supply Depot  
  61  4:30  SCV  
  60  4:35  Hellion  
  60  4:38  Hellion  
  64  4:40  SCV  
  64  4:42  Viking x2  
  69  4:49  SCV  
  69  4:51  Armory  
  70  4:56  SCV, Hellion  
  70  4:57  Supply Depot  
  70  4:59  Hellion  
  75  5:01  Supply Depot  
  76  5:07  SCV  
  76  5:08  SCV  
  77  5:18  Viking x2  
  77  5:19  SCV  
  82  5:26  Hellion x2  
  86  5:28  SCV  
  86  5:33  Command Center  
  86  5:34  SCV  
  88  5:43  SCV  
  88  5:46  Refinery  
  88  5:47  Refinery  
  88  5:48  Viking x2  
  92  5:55  Hellion x2  
  88  6:06  SCV  
  88  6:09  SCV  
  70  6:18  Viking x2  
  70  6:20  SCV  
  70  6:21  SCV  
  70  6:26  Hellion x2  
  74  6:35  Barracks Tech Lab  
  74  6:38  SCV, Barracks  
  74  6:39  Barracks  
  67  6:49  Orbital Command  
  68  7:01  SCV  
Tags
 
Add a new tag
Caveats
  • Supply blocks, unpowered buildings, or Contaminate may cause inaccurate times.
  • Supply counts are checked every 10 seconds.